maxine, chaotic female human Rogue ------ |....| |....| -------- |....| |......| |<...| |.......###### ---------- |.....# |[.....| # |`....... |....|# ------.- ####|..[.. ------# # ##|.!%- # ### ##.@*.| # # #|[?`| ### #### |.?.| # --.------.- |..*- ##...)......| |...! |......*..| |`.... |.......... ------- ----------- maxine the Cutpurse Experience level: 4 Strength: 16 Dexterity: 17 Constitution: 13 Intelligence: 9 Wisdom: 10 Charisma: 11 Health: 0(30) Energy: 16(16) Def: 5 Gold: 240 Moves: 3312 Dungeon seed: YkHpXRSUQh1cmuML Game ID: maxine_1532965376 Your Inventory: Coins $ - 240 gold pieces Weapons a - an uncursed +0 elven dagger named Sharptooth (weapon in hand) b - 15 uncursed +0 daggers (in quiver) n - an uncursed +0 orcish dagger named nc Armor e - an uncursed +1 leather armor (being worn) q - an uncursed +0 orcish helm r - an uncursed +0 dwarvish cloak (being worn) y - an uncursed +0 dwarvish roundshield (being worn) Comestibles s - an uncursed lichen corpse t - an uncursed pear v - an uncursed lembas wafer w - an uncursed partly eaten jackal corpse Potions u - a cursed potion of oil Wands x - an uncursed wand of locking (0:4) Tools k - an uncursed lock pick B - an uncursed sack Gems z - an uncursed worthless piece of yellow glass Contents of the sack: 393 gold pieces a blessed +0 short sword an uncursed food ration an uncursed scroll of blank paper an uncursed scroll of taming 2 uncursed scrolls of teleportation an uncursed potion of booze an uncursed potion of sickness Spells and supernatural/magical abilities: Name Level Category Fail Memory W - pray for help -- divine ? -- Your skills at the end: Fighting Skills Weapon Skills dagger [Basic] short sword [Basic] Spellcasting Skills Final Attributes: You were piously aligned. You were telepathic. You were stealthy. You are dead. Vanquished creatures: 2 floating eyes a dwarf a dwarf zombie an iguana a coyote 2 gas spores a hobbit 2 manes a brown mold a yellow mold a red mold 9 garter snakes 2 gnome zombies a gecko 15 jackals a kobold 3 goblins 3 sewer rats a grid bug 2 bats 6 lichens 5 newts 62 creatures vanquished. Voluntary challenges: You used a wielded weapon 69 times, starting on turn 26. You read items or engraved 1 time, starting on turn 3309. You never genocided any monsters. You never polymorphed an object. You never changed form. You used no wishes. You never split a pudding. You wrote Elbereth's name 1 time, starting on turn 3309. You never violated your personal moral code. Dungeon overview: The Dungeons of Doom: levels 1 to 6 Level 1 an altar to Mog, many fountains a long staircase Level 2 a fountain Level 3 (cursed mithril) a fountain Level 4 a potion shop, a fountain stairs to The Gnomish Mines Level 5 a potion shop Level 6 <- You were here The Gnomish Mines: Level 5 stairs to The Dungeons of Doom History has recorded: On T:1 you entered the Dungeons of Doom to retrieve the Amulet of Yendor! On T:146 you reached level 2 of The Dungeons of Doom. On T:708 you reached level 3 of The Dungeons of Doom. On T:826 you advanced to experience level 2. On T:1100 you advanced to experience level 3. On T:1444 you reached level 4 of The Dungeons of Doom. On T:1837 you advanced to experience level 4. On T:2162 you reached level 1 of The Gnomish Mines. On T:2749 you reached level 5 of The Dungeons of Doom. On T:2823 you reached level 6 of The Dungeons of Doom. Score breakdown: Gold: 633 ( 9531 points) Experience: 4 levels ( 9649 points) Exploration: 6 levels ( 12.77%) ( 9890 points) Discoveries: 0 items ( 0.00%) ( 0 points) Valuables value: (no points given unless you survive) Artifact value: 0 ( 0 points) Variety of kills: 22 monsters ( 5.77%) ( 7208 points) Turncount: 3312 turns ( -746 points) Survival: died (score multiplied by 80%) Total score: 28425 Latest messages: You hit the garter snake. The garter snake bites! You kill the garter snake! (3x) The garter snake bites! A garter snake was hidden under a pair of old gloves! The garter snake bites! (2x) You kill the garter snake! The garter snake misses. You have a little trouble lifting x - a forked wand. The garter snake bites! You feel more confident in your weapon skills. You kill the garter snake! A garter snake was hidden under a black gem! The garter snake bites! (2x) You hit the garter snake. That command is only available in debug mode. You write in the dust with your fingers. The garter snake turns to flee! You strike the garter snake from behind! You kill the garter snake! You kill the gas spore! You are caught in the gas spore's explosion! Final status: Goodbye maxine the Rogue, killed by a gas spore's explosion... You died in The Dungeons of Doom on dungeon level 6 with 28425 points, and 633 pieces of gold, after 3312 moves. You were level 4 with a maximum of 30 hit points when you died.